4v4 monte cavo

Match 21822552
End
Panzergrenadier Squad
Selects Italian Infantry
Panzergrenadier Squad
Construct Light Support Kompanie
Fire Support Elements
Panzerjäger Squad
2.5-tonne Medical Truck
le.IG 18 Support Gun Team
Selects Guastatori Squad
Veteran Squad Leaders
Construct Panzerarmee Kommand
Assault Grenadier Squad
Walking Stuka Rocket Launcher
Pak 38 Anti-tank Gun Team
Selects Registered Artillery
Selects Defensive Operations
Armored Reserves
Guastatori Squad
Selects Towed Cannone da 105/28 Field Howitzer
Tiger Heavy Tank
Towed Cannone da 105/28 Field Howitzer
Construct Mechanized Kompanie
Selects Territory Booby Traps
Selects Obice 305mm Barrage
Rapid Advance
Support Armor Elements
18-tonne Recovery Half-track
Obice 305mm Barrage
Tiger Heavy Tank
Panzer III L Medium Tank
Obice 305mm Barrage
Koktel
pppppeter
G-Zus Sauce
UnbrekaBull
GAF_Thom_Yorke
Da sucka hunter
The Caliest Boy
sewage bill
0
0

Comments sign in to comment!

No comments posted yet!